 Dungeon Crawl Stone Soup version 0.25-a0-41-g6cf4ce537d (webtiles) character file.

Game seed: 2533047718734941708, levelgen mode: deterministic

595 Johnny the Poker (level 6, -4/53 HPs)
             Began as a Demigod Gladiator on Oct 21, 2019.
             Slain by an ogre
             ... wielding a +0 giant club
              (16 damage)
             ... on level 4 of the Dungeon.
             The game lasted 00:03:09 (4616 turns).

Johnny the Poker (Demigod Gladiator)                Turns: 4616, Time: 00:03:09

Health: -4/53      AC:  9    Str: 21    XL:     6   Next: 95%
Magic:  8/8        EV: 11    Int: 12    God:
Gold:   312        SH:  0    Dex: 17    Spells: 5/5 levels left

rFire    . . .     SeeInvis +   a - +0 trident
rCold    . . .     Gourm    .   (no shield)
rNeg     . . .     Faith    .   t - +0 scale mail
rPois    .         Spirit   .   c - +0 helmet
rElec    .         Reflect  .   l - +0 cloak
rCorr    .         Harm     .   (no gloves)
MR       .....                  e - +0 pair of boots
Stlth    ..........             (no amulet)
HPRegen  0.17/turn              i - ring of see invisible
MPRegen  0.11/turn              (no ring)

@: no status effects
A: high mp 1
a: no special abilities


You were on level 4 of the Dungeon.
You were very hungry.

You visited 1 branch of the dungeon, and saw 5 of its levels.

You collected 312 gold pieces.

Inventory:

Hand Weapons
 a - a +0 trident (weapon)
Armour
 c - a +0 helmet (worn)
 e - a +0 pair of boots (worn)
 l - a +0 cloak (worn)
 t - a +0 scale mail (worn)
Jewellery
 i - a ring of see invisible (left hand)
Scrolls
 d - 2 scrolls of random uselessness {unknown}
 h - 2 scrolls of identify
 j - a scroll of magic mapping
 n - a scroll of noise {unknown}
 o - 4 scrolls of immolation {unknown}
 p - 3 scrolls of amnesia
 q - 2 scrolls of fear {unknown}
Potions
 g - 5 potions of curing
 k - 3 potions of agility
 m - 3 potions of flight
 r - 3 potions of heal wounds
Comestibles
 f - 4 rations


   Skills:
 + Level 4.3 Fighting
 * Level 6.4 Polearms
 - Level 1.7 Throwing
 - Level 2.6 Dodging


You had 5 spell levels left.
You didn't know any spells.
Your spell library was empty.

Dungeon Overview and Level Annotations

Branches:
Dungeon (5/15)
 Temple: D:4-7


Innate Abilities, Weirdness & Mutations

You have an increased reservoir of magic. (+10% MP)


Message History

You hear a shout!
You are too injured to fight recklessly!
You are too injured to fight recklessly!
You are too injured to fight recklessly!
You are too injured to fight recklessly!
You are too injured to fight recklessly!
You are too injured to fight recklessly!
You are too injured to fight recklessly!
You are too injured to fight recklessly!
You are too injured to fight recklessly!
You are too injured to fight recklessly!
You are too injured to fight recklessly!
You are too injured to fight recklessly!
You are too injured to fight recklessly!
You are too injured to fight recklessly!
You are too injured to fight recklessly!
An orc comes into view. It is wielding a +0 club.
The orc shouts!
The ogre hits you with a +0 giant club!
You die...

#.###.......>)...............
#.# #.........#.#.##.....#.#
#.# #.........#.#.##.....#
#.# ###.#.##..#.#.##...[.#
#.# #.#.##..#.#........# #.#
##.#.##..#......##..#
#.####........#...o..?...#
..........###.#...)..# ..#
#.###########.#.@O...# ..#
#.# #.......#.)o...# #.# #.#
#.####.........# #.#
#...####.## ... ....(o# ...
#.# ####.#.# .#.. #.# .....
..... .#.#.# .. #.#.#.#


You could see an ogre, an orc wizard and 2 orcs.

Vanquished Creatures
  Sigmund (D:3)
  An ogre (D:5)
  A scorpion (D:5)
  A crimson imp (D:5)
  Jessica (D:3)
  An orc wizard (D:5)
  3 worker ants (D:5)
  3 adders
  An ooze (D:3)
  2 worms (D:2)
  4 dart slugs (D:1)
  2 leopard geckos
  13 orcs
  9 bats
  4 giant cockroaches
  8 goblins
  9 hobgoblins
  6 jackals (D:5)
  A quokka (D:4)
  4 ball pythons
  3 frilled lizards
  A giant cockroach zombie (D:5)
  A jackal skeleton (D:4)
  5 kobolds (D:1)
  5 rats (D:1)
90 creatures vanquished.

Notes
Turn   | Place    | Note
-------+----------+-------------------------------------------
     0 | D:1      | Johnny the Demigod Gladiator began the quest for the Orb.
     0 | D:1      | Reached XP level 1. HP: 17/17 MP: 3/3
   206 | D:1      | Reached skill level 3 in Polearms
   212 | D:1      | Reached XP level 2. HP: 13/24 MP: 4/4
   861 | D:1      | Reached XP level 3. HP: 30/30 MP: 5/5
  1011 | D:2      | Found a blossoming altar of Fedhas.
  1315 | D:2      | Reached skill level 4 in Polearms
  1581 | D:3      | Reached XP level 4. HP: 37/37 MP: 6/6
  2085 | D:3      | Found a shattered altar of Ashenzari.
  2098 | D:3      | Found an ornate altar of the Wu Jian Council.
  2123 | D:3      | Noticed Jessica
  2133 | D:3      | Killed Jessica
  2340 | D:3      | Noticed Sigmund
  2357 | D:3      | Killed Sigmund
  2357 | D:3      | Reached skill level 5 in Polearms
  2357 | D:3      | Reached XP level 5. HP: 32/46 MP: 7/7
  2832 | D:3      | Found an opulent altar of Gozag.
  2975 | D:4      | Noticed a phantom
  2999 | D:5      | Entered Level 5 of the Dungeon
  3213 | D:5      | Reached XP level 6. HP: 50/52 MP: 8/8
  3718 | D:5      | Reached skill level 6 in Polearms
  3859 | D:5      | Found a white marble altar of Elyvilon.
  4616 | D:4      | Slain by an ogre

Levels and vault maps discovered:
D:1:      dpeg_arrival_water_temple_mockup, layout_basic, st_stairs_13,
          serial_bayou_crossing
D:2:      layout_loops_ring, lemuel_doored_altar, first_ration
D:3:      layout_loops_corners, nicolae_overflow_crystal_walls,
          lemuel_coloured_pillars_altar, lemuel_crystal_altar, uniq_sigmund,
          uniq_jessica
D:4:      layout_basic, tso_metal_star, minmay_temple_entry_antechambers
D:5:      layout_layer_cave, elyvilon_altar_4

Skill      XL: |  1  2  3  4  5  6 |
---------------+-------------------+-----
Fighting       | 2 3 4 |  4.3
Polearms       | 3 4 5 6 |  6.4
Throwing       | |  1.7
Dodging        | |  2.6

Action                   |  1- 3 |  4- 6 || total
-------------------------+-------+-------++-------
Melee: Trident           |   146 |   189 ||   335
  Use: Scroll            |       |     5 ||     5
 Stab: Sleeping          |     3 |       ||     3
  Eat: Chunk             |     2 |     9 ||    11
Armor: Leather armour    |    32 |    19 ||    51
       Scale mail        |       |    58 ||    58
Dodge: Dodged            |    73 |   137 ||   210

Table legend:
 A = Non-vault XP
 B = Vault XP
 C = Vault XP percentage of total XP
 D = Non-vault monster count
 E = Vault monster count
 F = Vault count percentage of total count
                 A         B        C        D         E       F
            +---------+---------+-------+---------+---------+-------
      Total |     572 |     279 |  32.8 |      86 |       4 |   4.4
            +---------+---------+-------+---------+---------+-------
        D:1 |      45 |       4 |   8.2 |      24 |       2 |   7.7
        D:2 |      64 |       0 |   0.0 |      19 |       0 |   0.0
        D:3 |      54 |     275 |  83.6 |      18 |       2 |  10.0
        D:4 |      15 |       0 |   0.0 |       6 |       0 |   0.0
        D:5 |     394 |       0 |   0.0 |      19 |       0 |   0.0
            +---------+---------+-------+---------+---------+-------
